 Dungeon Crawl Stone Soup version 0.26.0-15-gc6cd9f700b (webtiles) character file.

Game seed: 1245031488226164875

434682 ythm the Wrestler (level 22, -4/232 HPs)
             Began as a Troll Hunter on Jan 16, 2021.
             Was the Champion of Okawaru.
             Slain by a vault warden
             ... wielding a +1 vorpal war axe
              (10 damage)
             ... while petrified by an ancient lich
             ... on level 5 of the Vaults.
             The game lasted 02:27:42 (49734 turns).

ythm the Wrestler (Troll Hunter)                   Turns: 49734, Time: 02:27:42

Health: -4/232     AC: 22    Str: 26    XL:     22   Next: 90%
Magic:  30/30      EV:  1    Int:  9    God:    Okawaru [******]
Gold:   3395       SH:  0    Dex: 17    Spells: 21/21 levels left

rFire    + + .     SeeInvis +     - Unarmed
rCold    + + .     Faith    .   J - +3 tower shield of Wariness {Int+2}
rNeg     + + +     Spirit   .   r - +0 ice dragon scales
rPois    ∞         Reflect  +   L - +1 hat "Ciom" {rF+ rN+ rCorr}
rElec    +         Harm     .   O - scarf {rC+ rF+}
rCorr    +         Rampage  .   (gloves unavailable)
Will     +....                  (boots unavailable)
Stlth    ++........             l - amulet of reflection
HPRegen  0.88/turn              w - ring of Paeruic {Wiz rElec rC- SInv}
MPRegen  0.22/turn              M - ring of protection from fire

@: petrified, heroism
A: large, unfitting armour, claws 3, rugged brown scales 1, regeneration 1,
shaggy fur 1, tough skin 3
}: 2/15 runes: decaying, serpentine
a: Renounce Religion, Heroism, Finesse


You were on level 5 of the Vaults.
You worshipped Okawaru.
Okawaru was exalted by your worship.
You visited 9 branches of the dungeon, and saw 45 of its levels.
You also visited: Sewer, Gauntlet and Ice Cave.

You collected 5025 gold pieces.
You spent 1630 gold pieces at shops.

Inventory:

Missiles
 c - 74 large rocks
 d - 2 throwing nets
 H - 31 javelins (quivered)
Armour
 r - +0 ice dragon scales (worn)
 J - the +3 tower shield of Wariness (worn) {Int+2}
   (Okawaru gifted it to you on level 6 of the Lair of Beasts)

   It affects your intelligence (+2).
 L - the +1 hat "Ciom" (worn) {rF+ rN+ rCorr}
   (Okawaru gifted it to you on level 9 of the Dungeon)

   It protects you from fire.
   It protects you from negative energy.
   It provides partial protection from all sources of acid and corrosion.
 O - a scarf of resistance (worn)
Jewellery
 l - an amulet of reflection (around neck)
 u - an uncursed ring of positive energy
 w - the ring of Paeruic (left claw) {Wiz rElec rC- SInv}
   (You found it on level 1 of the Vaults)

   [ring of wizardry]

   It improves your spell success rate.
   It makes you vulnerable to cold.
   It insulates you from electricity.
   It lets you see invisible.
 B - an uncursed ring of flight
 M - a ring of protection from fire (right claw)
 R - an uncursed ring of protection from cold
 U - a +4 ring of protection
 V - the ring "Pyhohok" {rPois Will+ Int+7}
   (You bought it in a shop on level 15 of the Dungeon)

   [ring of willpower]

   It affects your intelligence (+7).
   It protects you from poison.
   It affects your willpower, your defense against some magical effects.
 Y - an uncursed ring of poison resistance
Wands
 t - a wand of iceblast (49)
 x - a wand of disintegration (20)
 D - a wand of paralysis (42)
 I - a wand of digging (5)
 N - a wand of acid (29)
Scrolls
 f - 5 scrolls of magic mapping
 g - 17 scrolls of teleportation
 h - 28 scrolls of remove curse
 p - 6 scrolls of enchant armour
 z - 5 scrolls of immolation
 C - 6 scrolls of fog
 F - 2 scrolls of holy word
 K - 21 scrolls of identify
 S - 3 scrolls of fear
 T - 3 scrolls of blinking
Potions
 b - 6 potions of brilliance
 e - 3 potions of berserk rage
 j - 26 potions of curing
 k - 4 potions of mutation
 m - 5 potions of magic
 n - 4 potions of haste
 q - 2 potions of might
 s - 3 potions of ambrosia
 v - 3 potions of cancellation
 A - 13 potions of heal wounds
 G - 8 potions of attraction
 P - 7 potions of flight
 W - 2 potions of invisibility
Miscellaneous
 i - a phial of floods
 o - a tin of tremorstones (2/2)
 E - a phantom mirror
 X - a box of beasts
 Z - a condenser vane


   Skills:
 + Level 14.8(19.8) Fighting
 - Level 12.0(17.0) Throwing
 + Level 13.0(18.0) Armour
 + Level 7.6(12.6) Dodging
 - Level 1.0(6.0) Stealth
 - Level 15.0(20.0) Shields
 * Level 21.4(26.4) Unarmed Combat
 - Level 12.0 Invocations
 + Level 5.7 Evocations


You had 21 spell levels left.
You didn't know any spells.
Your spell library contained the following spells:

 Spells                   Type           Power        Failure   Level
 Beastly Appendage        Tmut           0%           30%         1
 Corona                   Hex            0%           30%         1
 Foxfire                  Conj/Fire      0%           30%         1
 Freeze                   Ice            0%           30%         1
 Magic Dart               Conj           0%           30%         1
 Sandblast                Erth           0%           30%         1
 Shock                    Conj/Air       0%           30%         1
 Blink                    Tloc           N/A          41%         2
 Call Imp                 Summ           0%           41%         2
 Ensorcelled Hibernation  Hex/Ice        0%           41%         2
 Passwall                 Tmut/Erth      0%           41%         2
 Poisonous Vapours        Pois/Air       0%           41%         2
 Searing Ray              Conj           0%           41%         2
 Slow                     Hex            0%           41%         2
 Swiftness                Air            0%           41%         2
 Wereblood                Tmut           0%           41%         2
 Confusing Touch          Hex            0%           65%         3
 Conjure Flame            Conj/Fire      0%           65%         3
 Dazzling Flash           Conj/Hex       0%           65%         3
 Frozen Ramparts          Ice            0%           65%         3
 Gell's Gravitas          Tloc           0%           65%         3
 Ignite Poison            Fire/Tmut/Pois 0%           65%         3
 Inner Flame              Hex/Fire       0%           65%         3
 Mephitic Cloud           Conj/Pois/Air  0%           65%         3
 Ozocubu's Armour         Ice            0%           65%         3
 Portal Projectile        Hex/Tloc       0%           65%         3
 Spider Form              Tmut/Pois      0%           65%         3
 Static Discharge         Conj/Air       0%           65%         3
 Stone Arrow              Conj/Erth      0%           65%         3
 Teleport Other           Tloc           0%           65%         3
 Tukima's Dance           Hex            0%           65%         3
 Vampiric Draining        Necr           0%           65%         3
 Airstrike                Air            0%           95%         4
 Animate Dead             Necr           0%           95%         4
 Cause Fear               Hex            0%           95%         4
 Fulminant Prism          Conj/Hex       0%           95%         4
 Hailstorm                Conj/Ice       0%           95%         4
 Ice Form                 Ice/Tmut       0%           95%         4
 Iskenderun's Mystic Bla  Conj/Tloc      0%           95%         4
 Leda's Liquefaction      Hex/Erth       0%           95%         4
 Olgreb's Toxic Radiance  Pois           0%           95%         4
 Petrify                  Tmut/Erth      0%           95%         4
 Sticky Flame             Conj/Fire      0%           95%         4
 Summon Ice Beast         Ice/Summ       0%           95%         4
 Alistair's Intoxication  Tmut/Pois      0%           100%        5
 Blade Hands              Tmut           0%           100%        5
 Bolt of Magma            Conj/Fire/Erth 0%           100%        5
 Borgnjor's Vile Clutch   Necr/Erth      0%           100%        5
 Excruciating Wounds      Necr           0%           100%        5
 Fireball                 Conj/Fire      0%           100%        5
 Lee's Rapid Deconstruct  Erth           0%           100%        5
 Lightning Bolt           Conj/Air       0%           100%        5
 Metabolic Englaciation   Hex/Ice        0%           100%        5
 Silence                  Hex/Air        0%           100%        5
 Yara's Violent Unravell  Hex/Tmut       0%           100%        5
 Death Channel            Necr           0%           100%        6
 Dispersal                Tloc           0%           100%        6
 Freezing Cloud           Conj/Ice/Air   0%           100%        6
 Ozocubu's Refrigeration  Ice            0%           100%        6
 Shadow Creatures         Summ           N/A          100%        6
 Simulacrum               Ice/Necr       0%           100%        6
 Discord                  Hex            0%           100%        8
 Ignition                 Fire           0%           100%        8


Dungeon Overview and Level Annotations

Branches:
Dungeon (15/15)            Temple (0/1) D:7            Lair (6/6) D:11
  Swamp (4/4) Lair:3        Snake (4/4) Lair:4        Slime (5/5) Lair:6
    Orc (2/2) D:9             Elf (3/3) Orc:2        Vaults (5/5) D:13
  Crypt (0/3) Vaults:3     Depths (1/5) D:15          Sewer (visited)
  IceCv (visited)         Gauntlet (visited)

Altars:
Elyvilon
Gozag
Kikubaaqudgha
Makhleb
Okawaru
Ru
Sif Muna
Trog
Uskayaw
Xom
Yredelemnul
Zin
Jiyva

Shops:
D:8 =   D:15 =   Orc:2 ([[*   Elf:1 [   Elf:2 !   Elf:3 *   Vaults:2 ?

Portals:
Ziggurat: Depths:1

Annotations:
Snake:2 2 transporters, exclusion: obsidian statue
Slime:5 Royal Jelly


Innate Abilities, Weirdness & Mutations

You are too large for most types of armour.
You have claws for hands.
Your natural rate of healing is unusually fast.
You are covered in fur. (AC +1)
You have extremely tough skin. (AC +3)
You are partially covered in rugged brown scales. (AC +1, +3% HP)


Message History

The vault warden hits you with a +1 vorpal war axe.
* * * LOW HITPOINT WARNING * * *
The yaktaur unwields a +0 arbalest.
The yaktaur hits you but does no damage.
The vault warden hits you with a +1 vorpal war axe!!
* * * LOW HITPOINT WARNING * * *
x2 The yaktaur hits you but does no damage.
The yaktaur unwields a +0 arbalest.
The yaktaur hits you!
* * * LOW HITPOINT WARNING * * *
The yaktaur hits you but does no damage.
The vault warden hits you but does no damage.
The yaktaur hits you but does no damage. x2
The vault warden hits you with a +1 vorpal war axe.
* * * LOW HITPOINT WARNING * * *
x2 The yaktaur hits you.
* * * LOW HITPOINT WARNING * * *
The yaktaur hits you.
The yaktaur hits you but does no damage.
The vault warden hits you with a +1 vorpal war axe!!
You die...

#.....
#....
#...#
#...#
#.cc#
#cD.#
#pc#
#@.#
#c.#
#..#
#..#
#..#
#..#
#..#
#..#


You could see an iron dragon, a vault warden and 5 yaktaurs.

Vanquished Creatures
  Dissolution (Slime:1)
  Xtahua (Vaults:2)
  Jory (Vaults:2)
  A lich (Depths:1)
  Asterion (Vaults:1)
  2 deep elf master archers (Elf:3)
  2 deep elf blademasters (Elf:3)
  A quicksilver dragon (Vaults:5)
  19 acid blobs
  Frances (D:13)
  2 thorn hunters
  A fenstrider witch (Swamp:4)
  12 azure jellies
  An orc warlord (Orc:2)
  2 fire giants (Vaults:3)
  8 nagarajas (Snake:4)
  10 vault wardens
  3 deep elf sorcerers
  Louise (Swamp:2)
  2 frost giants
  A reaper (IceCv)
  17 ironheart preservers
  Aizul (Vaults:1)
  2 very ugly things
  4 deep elf elementalists (Elf:3)
  6 stone giants
  3 entropy weavers
  7 deep elf annihilators
  3 deep elf demonologists
  8 bunyips
  A minotaur (Gauntlet)
  An ettin (shapeshifter) (D:15)
  6 deep elf death magi
  The ghost of VictoriousLee the Devastator, a journeyman TeFE of Vehumet (Lair:4)
  2 ettins
  2 eleionomae
  2 green deaths
  2 fire dragons
  10 great orbs of eyes
  8 yaktaur captains
  10 death oozes
  3 deep elf high priests
  30 vault guards
  16 hydras
  2 hell beasts (Swamp:4)
  4 rakshasas
  2 ice dragons
  8 naga warriors
  3 ghost crabs
  7 boulder beetles
  4 anacondas
  4 catoblepae
  14 ogre magi
  Erica (Orc:1)
  8 centaur warriors
  40 two-headed ogres
  23 dancing weapons
  3 deep troll earth magi
  8 alligators
  A queen ant (D:13)
  4 deep troll shamans
  15 death yaks
  A satyr (shapeshifter) (Vaults:4)
  2 thrashing horrors (Swamp:4)
  12 naga sharpshooters
  A tengu warrior (D:13)
  4 spriggans
  2 orc high priests
  24 deep elf knights
  Nergalle (Lair:3)
  5 shock serpents
  A titan skeleton (Vaults:5)
  A shadow wraith (Vaults:4)
  4 skeletal warriors (D:12)
  16 sea snakes
  An unseen horror (Vaults:1)
  2 salamander mystics
  2 fire crabs (Gauntlet)
  2 goliath frogs
  A flayed ghost (Vaults:2)
  7 swamp dragons
  A spriggan druid (Swamp:1)
  12 bog bodies
  10 orc knights
  5 wizards
  13 deep elf archers
  13 ironbrand convokers
  16 deep trolls
  3 naga ritualists (Snake:4)
  A glowing orange brain (Slime:5)
  Pikel (D:6)
  An oklob plant (Lair:4)
  38 ugly things
  9 harpies
  7 mana vipers
  An orb spider (shapeshifter) (Vaults:3)
  6 orc sorcerers
  5 wolf spiders
  58 deep elf magi
  2 fire giant zombies
  3 necromancers
  A stone giant zombie (Vaults:2)
  A manticore (shapeshifter) (Elf:3)
  2 salamanders (shapeshifter)
  9 salamanders
  8 cyclopes
  2 shining eyes
  3 human zombies (Vaults:2)
  3 manticores
  Maurice (D:13)
  3 elephants (Lair:6)
  5 will-o-the-wisps
  2 large abominations (Swamp:4)
  A moth of wrath (shapeshifter) (Vaults:2)
  A centaur zombie (D:13)
  A torpor snail (shapeshifter) (D:15)
  16 vault sentinels
  2 ice statues (IceCv)
  4 guardian serpents
  34 black mambas
  Maggie (Lair:2)
  19 naga magi
  A water nymph (shapeshifter) (Vaults:2)
  3 centaur skeletons
  A guardian serpent (shapeshifter) (D:13)
  A torpor snail (Lair:6)
  11 cane toads
  3 orange demons
  An elf zombie (Vaults:5)
  2 eyes of devastation
  A yaktaur zombie (Vaults:2)
  2 minotaur zombies (Gauntlet)
  23 yaktaurs
  7 rime drakes (Lair:3)
  10 komodo dragons
  A human skeleton (Vaults:2)
  5 freezing wraiths
  10 ice devils (IceCv)
  A tengu conjurer (D:13)
  A jumping spider (Vaults:2)
  A yaktaur skeleton (Vaults:2)
  4 tyrant leeches
  3 meliai (D:14)
  A queen bee (shapeshifter) (Vaults:4)
  A meliai (shapeshifter) (Vaults:3)
  8 trolls
  6 hornets
  3 polar bears
  Grinder (D:5)
  64 slime creatures
  2 blink frogs (shapeshifter)
  12 blink frogs
  6 dream sheep (Lair:6)
  A raiju (Gauntlet)
  2 redbacks (Vaults:2)
  7 shadows
  80 yaks
  2 water elementals
  8 wyverns
  3 fire elementals (Elf:1)
  8 fire bats (Gauntlet)
  12 steam dragons
  4 wraiths
  11 vampire mosquitoes
  Menkaure (D:5)
  A warg (shapeshifter) (Depths:1)
  4 basilisks
  4 human simulacra
  4 wargs
  69 nagas
  24 soldier ants (D:13)
  18 swamp worms
  2 acid dragons
  Edmund (D:6)
  11 water moccasins
  3 swamp drakes
  4 sky beasts
  7 eyes of draining
  7 ice beasts
  3 black bears
  2 ettin simulacra
  32 orc warriors
  3 phantoms
  A necrophage (D:10)
  42 ogres
  6 wolves
  8 boggarts (D:15)
  28 centaurs
  A lemure (D:6)
  21 bullfrogs
  A gnoll sergeant (D:8)
  3 earth elementals
  2 wyvern zombies
  A wyvern skeleton (D:8)
  6 scorpions
  A troll zombie (D:9)
  6 killer bees (D:11)
  15 wights
  7 howler monkeys
  19 electric eels
  3 small abominations
  A bullfrog zombie (D:8)
  10 hounds
  24 orc wizards
  3 bullfrog skeletons
  17 orc priests
  10 jellies
  6 hell rats (Lair:3)
  6 iguanas
  35 worker ants
  5 ogre zombies (D:9)
  A hound zombie (D:7)
  A hound skeleton (D:5)
  A howler monkey zombie (D:6)
  A worker ant zombie (D:6)
  6 gnolls
  A howler monkey skeleton (D:6)
  18 adders
  2 shadow imps
  10 white imps
  6 ufetubi
  3 oozes (Lair:6)
  2 adder zombies (D:6)
  2 adder skeletons
  A worm (D:3)
  A dart slug (D:1)
  7 leopard geckos
  99 orcs
  5 ball pythons
  11 bats
  A bat zombie (D:3)
  14 giant cockroaches
  12 goblins
  7 hobgoblins
  4 jackals (D:4)
  4 quokkas
  10 frilled lizards
  2 goblin skeletons (D:9)
  A hobgoblin skeleton (D:9)
  A hobgoblin zombie (D:9)
  10 kobolds
  4 orc skeletons (D:9)
  11 orc zombies (D:9)
  7 rats
  4 rat zombies (D:3)
  2 briar patches (Swamp:4)
1876 creatures vanquished.

Vanquished Creatures (collateral kills)
  A death ooze (Slime:5)
1 creature vanquished.

Vanquished Creatures (others)
  Nikola (Vaults:2)
  A green death (Swamp:4)
  A hydra (Swamp:3)
  A deep elf knight (Vaults:3)
  2 spriggans (Swamp:3)
  A swamp dragon (Swamp:3)
  2 wolf spiders (Vaults:2)
  A cyclops (Vaults:2)
  A naga mage (Snake:1)
  An orange demon (Swamp:4)
  4 bloated husks
  2 hornets (Swamp:3)
  A tyrant leech (Swamp:3)
  3 dream sheep (Lair:6)
  An air elemental (Elf:1)
  A yak (Lair:6)
  An eye of draining (shapeshifter) (Vaults:2)
  A boggart (D:15)
  A hell rat (Lair:3)
  2 orc wizards
  2 white imps (IceCv)
  5 ufetubi (IceCv)
  An orc (Vaults:5)
  2 bushes (D:11)
  19 foxfires
  38 fungi
  120 plants
  5 toadstools (D:13)
221 creatures vanquished.

Grand Total: 2098 creatures vanquished

Notes
Turn   | Place    | Note
-------+----------+-------------------------------------------
     0 | D:1      | ythm the Troll Hunter began the quest for the Orb.
     0 | D:1      | Reached XP level 1. HP: 19/19 MP: 0/0
    32 | D:1      | Reached skill level 1 in Unarmed Combat
   139 | D:1      | Reached XP level 2. HP: 27/27 MP: 1/1
   344 | D:1      | Reached skill level 2 in Unarmed Combat
  1123 | D:2      | Reached XP level 3. HP: 33/33 MP: 2/2
  1206 | D:2      | Reached skill level 3 in Unarmed Combat
  1942 | D:3      | Reached XP level 4. HP: 42/42 MP: 3/3
  2010 | D:3      | Found an ancient bone altar of Kikubaaqudgha.
  2173 | D:3      | Reached skill level 4 in Unarmed Combat
  2173 | D:3      | Reached XP level 5. HP: 47/49 MP: 4/4
  2333 | D:3      | Found an iron altar of Okawaru.
  2333 | D:3      | Found an opulent altar of Gozag.
  2383 | D:3      | Became a worshipper of Warmaster Okawaru
  2443 | D:4      | Reached skill level 5 in Unarmed Combat
  2584 | D:4      | Reached XP level 6. HP: 57/57 MP: 5/5
  2616 | D:4      | Reached skill level 6 in Unarmed Combat
  2627 | D:4      | Reached * piety under Okawaru
  2808 | D:4      | Reached skill level 1 in Invocations
  2932 | D:4      | Got a faintly humming robe
  2952 | D:4      | Identified the +5 robe of Pride {Will+ Int+5} (You found it
                  | on level 4 of the Dungeon)
  3061 | D:5      | Entered Level 5 of the Dungeon
  3116 | D:5      | Noticed Menkaure
  3122 | D:5      | Killed Menkaure
  3123 | D:5      | Reached skill level 1 in Armour
  3123 | D:5      | Reached XP level 7. HP: 39/65 MP: 5/7
  3252 | D:5      | Found a glowing drain.
  3262 | Sewer    | Entered a sewer
  3473 | Sewer    | Reached skill level 7 in Unarmed Combat
  3747 | D:5      | Found a white marble altar of Elyvilon.
  3759 | D:5      | Noticed Grinder
  3772 | D:5      | Killed Grinder
  3772 | D:5      | Reached ** piety under Okawaru
  3920 | D:5      | Reached XP level 8. HP: 72/72 MP: 9/9
  4123 | D:5      | Found a shimmering altar of Xom.
  4260 | D:5      | Reached skill level 8 in Unarmed Combat
  4604 | D:6      | Reached skill level 9 in Unarmed Combat
  4811 | D:6      | Noticed Pikel
  4821 | D:6      | Killed Pikel
  4821 | D:6      | Reached *** piety under Okawaru
  4822 | D:6      | Reached skill level 10 in Unarmed Combat
  4822 | D:6      | Reached XP level 9. HP: 79/84 MP: 10/10
  5342 | D:6      | Noticed Edmund
  5357 | D:6      | Killed Edmund
  5640 | D:7      | Reached skill level 11 in Unarmed Combat
  5731 | D:7      | Reached **** piety under Okawaru
  5732 | D:7      | Reached skill level 5 in Fighting
  5918 | D:7      | Found a burning altar of Makhleb.
  5921 | D:7      | Found a bloodstained altar of Trog.
  5924 | D:7      | Found a hide-covered altar of Uskayaw.
  6173 | D:7      | Found a staircase to the Ecumenical Temple.
  6522 | D:8      | Reached skill level 12 in Unarmed Combat
  6559 | D:8      | Reached XP level 10. HP: 93/96 MP: 11/11
  6663 | D:8      | Found a sacrificial altar of Ru.
  6711 | D:8      | Found Isal's Jewellery Shoppe.
  7327 | D:9      | Reached ***** piety under Okawaru
  7714 | D:9      | Reached skill level 13 in Unarmed Combat
  7715 | D:9      | Received a gift from Okawaru
  7721 | D:9      | Got a spiked hat {god gift}
  7727 | D:9      | Identified the +1 hat "Ciom" {rF+ rN+ rCorr} (Okawaru
                  | gifted it to you on level 9 of the Dungeon)
  7975 | D:9      | Found a staircase to the Orcish Mines.
  8628 | D:10     | Entered Level 10 of the Dungeon
  8881 | D:10     | Reached XP level 11. HP: 93/105 MP: 13/13
  9513 | D:11     | Reached skill level 5 in Invocations
  9686 | D:11     | Reached skill level 14 in Unarmed Combat
 10137 | D:11     | Received a gift from Okawaru
 10178 | D:11     | Found a staircase to the Lair.
 10380 | D:11     | Noticed a deep elf mage
 10385 | D:11     | Killed a deep elf mage
 10874 | Orc:1    | Entered Level 1 of the Orcish Mines
 10912 | Orc:1    | Noticed a two-headed ogre
 10917 | Orc:1    | Killed a two-headed ogre
 10918 | Orc:1    | Reached skill level 5 in Dodging
 10986 | Orc:1    | Noticed Erica
 11002 | Orc:1    | Killed Erica
 11003 | Orc:1    | Reached XP level 12. HP: 75/118 MP: 13/15
 11118 | Orc:1    | Found a frozen archway.
 11127 | IceCv    | Entered an ice cave
 11391 | IceCv    | Reached skill level 15 in Unarmed Combat
 11497 | IceCv    | Noticed a reaper
 11518 | IceCv    | Killed a reaper
 11519 | IceCv    | Reached skill level 5 in Throwing
 11531 | IceCv    | Found the +5 robe of Misfortune {*Contam Harm *Corrode
                  | *Drain *Slow EV+5}
 11956 | Orc:2    | Entered Level 2 of the Orcish Mines
 12229 | Orc:2    | Found a staircase to the Elven Halls.
 12263 | Orc:2    | Noticed a two-headed ogre
 12264 | Orc:2    | Found Qirienk's Weapon Shop.
 12264 | Orc:2    | Found Igemakif's Antique Armour Shoppe.
 12264 | Orc:2    | Noticed an ogre mage
 12264 | Orc:2    | Noticed an ogre mage
 12264 | Orc:2    | Noticed a two-headed ogre
 12264 | Orc:2    | Noticed an ogre mage
 12264 | Orc:2    | Noticed a two-headed ogre
 12264 | Orc:2    | Noticed an ogre mage
 12265 | Orc:2    | Noticed a two-headed ogre
 12280 | Orc:2    | Killed a two-headed ogre
 12287 | Orc:2    | Noticed a two-headed ogre
 12288 | Orc:2    | Noticed a two-headed ogre
 12290 | Orc:2    | Killed an ogre mage
 12290 | Orc:2    | Received a gift from Okawaru
 12300 | Orc:2    | Killed a two-headed ogre
 12310 | Orc:2    | Killed a two-headed ogre
 12362 | Orc:2    | Killed a two-headed ogre
 12364 | Orc:2    | Killed an ogre mage
 12433 | Orc:2    | Noticed a two-headed ogre
 12439 | Orc:2    | Killed a two-headed ogre
 12505 | Orc:2    | Killed a two-headed ogre
 12506 | Orc:2    | Reached XP level 13. HP: 127/127 MP: 17/17
 12556 | Orc:2    | Reached ****** piety under Okawaru
 12578 | Orc:2    | Received a gift from Okawaru
 12587 | Orc:2    | Reached skill level 16 in Unarmed Combat
 12718 | Orc:2    | Received a gift from Okawaru
 13356 | Orc:2    | Noticed an orc warlord
 13519 | Orc:2    | Received a gift from Okawaru
 13541 | Orc:2    | Killed an orc warlord
 13764 | Orc:2    | Found Sushraxt's General Store.
 13764 | Orc:2    | Found Seal's Armour Shoppe.
 13788 | Orc:2    | Reached skill level 17 in Unarmed Combat
 14020 | Orc:2    | Received a gift from Okawaru
 14345 | Lair:1   | Entered Level 1 of the Lair of Beasts
 14647 | Lair:1   | Reached XP level 14. HP: 140/140 MP: 19/19
 14712 | Lair:1   | Received a gift from Okawaru
 15241 | Lair:2   | Noticed Maggie
 15266 | Lair:2   | Killed Maggie
 15480 | Lair:2   | Received a gift from Okawaru
 15486 | Lair:2   | Got a spiked hat {god gift}
 15497 | Lair:2   | Identified the +0 hat of the Other Side {rF+ Str+4 Stlth+}
                  | (Okawaru gifted it to you on level 2 of the Lair of Beasts)
 15828 | Lair:2   | Found a glowing silver altar of Zin.
 16458 | Lair:3   | Reached skill level 1 in Shields
 16550 | Lair:3   | Reached skill level 1 in Stealth
 16854 | Lair:3   | Reached skill level 10 in Fighting
 17014 | Lair:3   | Noticed Nergalle
 17025 | Lair:3   | Killed Nergalle
 17393 | Lair:3   | Found a staircase to the Swamp.
 17698 | Lair:4   | Found a staircase to the Snake Pit.
 17749 | Lair:4   | Found a runed translucent door.
 17749 | Lair:4   | Noticed VictoriousLee's ghost (journeyman TeFE)
 17754 | Lair:4   | Killed VictoriousLee's ghost
 17807 | Lair:4   | Reached skill level 5 in Shields
 17979 | Lair:4   | Reached skill level 18 in Unarmed Combat
 18413 | Lair:5   | Found a gate leading to a gauntlet.
 18429 | Gauntlet | Entered a Gauntlet
 18429 | Gauntlet | Found a transporter.
 18430 | Gauntlet | Found a runed translucent gate.
 18430 | Gauntlet | Found a runed translucent gate.
 18431 | Gauntlet | Found a runed translucent gate.
 18436 | Gauntlet | Found a transporter.
 18439 | Gauntlet | Found a transporter.
 18440 | Gauntlet | Found a transporter.
 18448 | Gauntlet | Found a transporter.
 18451 | Gauntlet | Found a transporter.
 18452 | Gauntlet | Found a transporter.
 18463 | Gauntlet | Found a transporter.
 18464 | Gauntlet | Found a transporter.
 18465 | Gauntlet | Found a transporter.
 18475 | Gauntlet | Found a transporter.
 18475 | Gauntlet | Found a transporter.
 18476 | Gauntlet | Found a transporter.
 18485 | Gauntlet | Found a transporter.
 18650 | Gauntlet | Received a gift from Okawaru
 18705 | Gauntlet | Identified the Incunabulum of Ashen Transformation
 19253 | Lair:5   | Received a gift from Okawaru
 19629 | Lair:6   | Entered Level 6 of the Lair of Beasts
 19658 | Lair:6   | Reached XP level 15. HP: 127/149 MP: 20/20
 20366 | Lair:6   | Received a gift from Okawaru
 20375 | Lair:6   | Got a crude tower shield {god gift}
 20387 | Lair:6   | Identified the +3 tower shield of Wariness {Int+2} (Okawaru
                  | gifted it to you on level 6 of the Lair of Beasts)
 20686 | Lair:6   | Found a staircase to the Slime Pits.
 21982 | D:13     | Noticed Maurice
 22002 | D:13     | Killed Maurice
 22228 | D:13     | Noticed Frances
 22245 | D:13     | Killed Frances
 22464 | D:13     | Received a gift from Okawaru
 22465 | D:13     | Reached skill level 5 in Armour
 22509 | D:13     | Found a gate to the Vaults.
 22536 | D:13     | Reached skill level 10 in Shields
 22557 | D:13     | Reached XP level 16. HP: 150/158 MP: 21/21
 24357 | D:15     | Entered Level 15 of the Dungeon
 24522 | D:15     | Received a gift from Okawaru
 24838 | D:15     | Found Zempass's Jewellery Shoppe.
 24851 | D:15     | Found a sacrificial altar of Ru.
 24886 | D:15     | Identified Laoc's Catalogue of Malediction
 25225 | D:15     | Received a gift from Okawaru
 25346 | D:15     | Found a staircase to the Depths.
 25720 | D:15     | Bought the ring "Pyhohok" {rPois Will+ Int+7} for 763 gold
                  | pieces
 25968 | Snake:1  | Entered Level 1 of the Snake Pit
 25999 | Snake:1  | Received a gift from Okawaru
 26047 | Snake:1  | Received a gift from Okawaru
 26244 | Snake:1  | You fall into a shaft and drop 1 floor!
 26244 | Snake:2  | Found a transporter.
 27064 | Snake:2  | Reached XP level 17. HP: 170/170 MP: 23/23
 27077 | Snake:2  | Reached skill level 10 in Invocations
 27304 | Snake:2  | Found a transporter.
 29090 | Snake:4  | Entered Level 4 of the Snake Pit
 29260 | Snake:4  | Received a gift from Okawaru
 30105 | Snake:4  | Reached skill level 1 in Evocations
 30799 | Snake:4  | Received a gift from Okawaru
 30826 | Snake:4  | Received a gift from Okawaru
 30834 | Snake:4  | Reached XP level 18. HP: 125/179 MP: 20/24
 31057 | Snake:4  | Got a serpentine rune of Zot
 31417 | Swamp:1  | Entered Level 1 of the Swamp
 31971 | Swamp:1  | Received a gift from Okawaru
 32706 | Swamp:2  | Noticed Louise
 32728 | Swamp:2  | Killed Louise
 33740 | Swamp:3  | Received a gift from Okawaru
 34005 | Swamp:4  | Entered Level 4 of the Swamp
 34577 | Swamp:4  | Received a gift from Okawaru
 34903 | Swamp:4  | Reached skill level 19 in Unarmed Combat
 35263 | Swamp:4  | Got a decaying rune of Zot
 35575 | Vaults:1 | Entered Level 1 of the Vaults
 35581 | Vaults:1 | Got a vibrating gossamer ring
 35582 | Vaults:1 | Identified the ring of Paeruic {Wiz rElec rC- SInv} (You
                  | found it on level 1 of the Vaults)
 35804 | Vaults:1 | Reached XP level 19. HP: 164/181 MP: 25/25
 36092 | Vaults:1 | Noticed Aizul
 36120 | Vaults:1 | Killed Aizul
 36222 | Vaults:1 | Reached skill level 15 in Shields
 36461 | Vaults:1 | Received a gift from Okawaru
 36475 | Vaults:1 | Noticed Asterion
 36491 | Vaults:1 | Killed Asterion
 36672 | Vaults:1 | Identified the Guide on Unstable Snow
 37194 | Vaults:2 | Received a gift from Okawaru
 37199 | Vaults:2 | Identified the +7 quick blade "Ultimatum" {vamp, *Contam
                  | rC+++ Str+6 Int-3} (Okawaru gifted it to you on level 2 of
                  | the Vaults)
 37514 | Vaults:2 | Reached skill level 20 in Unarmed Combat
 37658 | Vaults:2 | Found Wena's Magic Scroll Shop.
 37663 | Vaults:2 | Bought 2 scrolls of blinking for 285 gold pieces
 37665 | Vaults:2 | Bought a scroll of magic mapping for 66 gold pieces
 37665 | Vaults:2 | Bought a scroll of magic mapping for 66 gold pieces
 37709 | Vaults:2 | Reached skill level 10 in Throwing
 37826 | Vaults:2 | Received a gift from Okawaru
 38187 | Vaults:2 | Noticed Nikola
 38209 | Vaults:2 | Killed Nikola
 38214 | Vaults:2 | Received a gift from Okawaru
 38221 | Vaults:2 | Noticed Jory
 38226 | Vaults:2 | Noticed Xtahua
 38231 | Vaults:2 | Killed Jory
 38232 | Vaults:2 | Reached XP level 20. HP: 97/198 MP: 20/27
 38237 | Vaults:2 | Killed Xtahua
 39283 | Vaults:3 | Received a gift from Okawaru
 39589 | Vaults:3 | Reached skill level 10 in Armour
 39646 | Vaults:3 | Received a gift from Okawaru
 40206 | Vaults:3 | Identified the +2 cloak of the Unseen Realm {Will+ rCorr}
                  | (You found it on level 3 of the Vaults)
 40430 | Vaults:3 | Found a staircase to the Crypt.
 40430 | Vaults:3 | Found an ancient bone altar of Kikubaaqudgha.
 40431 | Vaults:3 | Found a basalt altar of Yredelemnul.
 40860 | Vaults:4 | Received a gift from Okawaru
 41903 | Vaults:4 | Reached XP level 21. HP: 199/210 MP: 26/29
 42223 | Vaults:4 | Received a gift from Okawaru
 42692 | Elf:1    | Entered Level 1 of the Elven Halls
 42773 | Elf:1    | Found a shimmering blue altar of Sif Muna.
 43219 | Elf:1    | Received a gift from Okawaru
 43477 | Elf:1    | Found Nunywa's Armour Shop.
 43755 | Elf:2    | Found Pukew's Distillery.
 43761 | Elf:2    | Bought a potion of haste for 180 gold pieces
 43761 | Elf:2    | Bought a potion of haste for 180 gold pieces
 43761 | Elf:2    | Bought a potion of heal wounds for 90 gold pieces
 43839 | Elf:2    | Identified a scroll of acquirement
 43839 | Elf:2    | Acquired the +0 hat of Skepticism {rC+ rN++ Str+2 Int-3}
 43942 | Elf:2    | Found a runed translucent gate.
 43942 | Elf:2    | Found a runed translucent gate.
 43944 | Elf:2    | Found a runed translucent gate.
 44259 | Elf:2    | Received a gift from Okawaru
 44644 | Elf:3    | Entered Level 3 of the Elven Halls
 44840 | Elf:3    | Identified the +4 morningstar of the Exiled Teeth {freeze,
                  | Int+2}
 44866 | Elf:3    | Received a gift from Okawaru
 44917 | Elf:3    | Acquired 225 gold pieces
 45050 | Elf:3    | Identified the Incunabulum of the Earthen Snowflakes
 45053 | Elf:3    | Identified the cursed +2 broad axe of Perversion {vorpal,
                  | rC+ Stlth+} (You found it on level 3 of the Elven Halls)
 45060 | Elf:3    | Identified the +1 war axe of Beogh's Felicitations {vorpal,
                  | +Inv rC++ Str+3 Int-3}
 45129 | Elf:3    | Identified Sif Muna's Incunabulum of Fire and Cold
 45303 | Elf:3    | Found Zusuwal's General Store.
 45779 | Elf:3    | Identified the Grimoire of Flamy Evil Rituals
 45783 | Elf:3    | Identified the cursed +0 helmet of the Watchman {rN+ MP+9
                  | Int+2 Dex-3} (You found it on level 3 of the Elven Halls)
 45820 | Elf:3    | Identified Fottij's Collected Works on Nocuous Moulding
 46265 | D:15     | Reached XP level 22. HP: 224/224 MP: 30/30
 46296 | Depths:1 | Entered Level 1 of the Depths
 46339 | Depths:1 | Found a shimmering altar of Xom.
 46380 | Depths:1 | Found a gateway to a ziggurat.
 46380 | Depths:1 | Noticed an ancient lich
 46380 | Depths:1 | Noticed an ancient lich
 46779 | Slime:1  | Entered Level 1 of the Pits of Slime
 46826 | Lair:6   | Received a gift from Okawaru
 47102 | Slime:2  | Noticed Dissolution
 47202 | Slime:1  | Killed Dissolution
 47233 | Slime:2  | Paralysed by a great orb of eyes for 3 turns
 47237 | Slime:2  | Received a gift from Okawaru
 47246 | Slime:2  | Got a heavily runed tower shield {god gift}
 47257 | Slime:2  | Identified the -6 tower shield of Courage {Regen+ MP-9
                  | Dex+3} (Okawaru gifted it to you on level 2 of the Pits of
                  | Slime)
 47400 | Slime:3  | Gained mutation: You are partially covered in rugged brown
                  | scales. (AC +1, +3% HP) [a shining eye]
 47426 | Slime:2  | Reached skill level 21 in Unarmed Combat
 47739 | Slime:3  | Reached skill level 5 in Evocations
 47804 | Slime:5  | Entered Level 5 of the Pits of Slime
 48073 | Slime:5  | Noticed the Royal Jelly
 48670 | Slime:5  | Found a viscous altar of Jiyva.
 49519 | Vaults:5 | Entered Level 5 of the Vaults
 49525 | Vaults:5 | Received a gift from Okawaru
 49526 | Vaults:5 | Noticed an ancient lich
 49531 | Vaults:5 | Noticed a golden dragon
 49713 | Vaults:5 | Noticed a golden dragon
 49731 | Vaults:5 | HP: 9/232 [yaktaur[a vault warden] (5)]
 49734 | Vaults:5 | Slain by a vault warden

Illustrated notes

Levels and vault maps discovered:
D:1:      lightli_arrival_statue_moat, layout_basic
D:2:      layout_loops_ring
D:3:      layout_basic, lemuel_zombie_altar_kikubaaqudgha,
          gammafunk_temple_overflow_wave, ebering_dispersal_statue_hall
D:4:      layout_rooms
D:5:      layout_gridville, lemuel_crystal_altar, basic_altar,
          portal_sewer_entry_e, uniq_menkaure, uniq_grinder
D:6:      old_forge, layout_loops_ring, uniq_edmund, uniq_pikel
D:7:      layout_basic, grunt_temple_overflow_diamond,
          minmay_temple_entry_sparse_star
D:8:      layout_loops_ring, nicolae_ru_great_annihilating_truth, serial_shops,
          nicolae_shop_trees
D:9:      layout_layer_cave, zombieorc1_lemuel
D:10:     layout_irregular_city
D:11:     kennysheep_blocky_hall, layout_basic, minmay_lair_entry_grove,
          kennysheep_generic_room_15
D:12:     layout_basic
D:13:     layout_layer_cave, lightli_vaults_fourway_checkpoint,
          minmay_gold_behind_fungi, minivault_29, uniq_frances, uniq_maurice
D:14:     layout_small_grid, hex_tiny
D:15:     gammafunk_enter_depths_forms, layout_stronghold, serial_shops,
          nicolae_shop_stone, lemuel_altar_in_water
Lair:1:   layout_cave_pods, grunt_megastairs_2
Lair:2:   layout_regular_city, basic_altar, minivault_11, grunt_megastairs_5,
          uniq_maggie
Lair:3:   layout_loops_ring, minmay_swamp_entry_swarm,
          hangedman_lair_unloving_vines, bobbens_dragon_lair_wall,
          infiniplex_staircase_pool_2, uniq_nergalle
Lair:4:   layout_roguey, minmay_snake_entry_guardpost_medium,
          gammafunk_ghost_grave, infiniplex_staircase_pool, serial_bayou_shore_a
Lair:5:   layout_cave_pods, gauntlet_entry_generic, serial_rivers,
          chequers_serial_rivers_room_a, chequers_serial_rivers_micro_a,
          chequers_serial_rivers_micro_b, chequers_serial_rivers_small_a,
          chequers_serial_rivers_small_b, serial_bayou_shore_b
Lair:6:   evilmike_catoblepas_cave, layout_gridlike,
          nicolae_slime_entry_slimehenge
Swamp:1:  layout_basic_swamp, nicolae_swamp_round_clearing, swamp_pool3,
          hangedman_swamp_pad, grunt_witch_cave
Swamp:2:  layout_falls_marsh, evilmike_swamp_ruin_house_2, uniq_louise
Swamp:3:  layout_falls_marsh, nicolae_swamp_stair_fork, swamp_pool1,
          nzn_swamp_dancing_lights
Swamp:4:  swamp_vile, layout_basic_swamp
Snake:1:  layout_misc_corridors, st_stairs_11
Snake:2:  gammafunk_sealed_arena, layout_basic
Snake:3:  nrook_guardian_serpent_snake_passage, layout_gridlike
Snake:4:  minmay_snake_end_coiled, layout_misc_corridors, serial_bayou_lagoon_b
Slime:1:  layout_caves
Slime:2:  layout_caves, uniq_dissolution
Slime:3:  layout_caves, cheibrodos_slime_lost_civilization_4
Slime:4:  layout_caves
Slime:5
Orc:1:    layout_diamond_mine, portal_ice_cave_entry_pillars_2, uniq_erica
Orc:2:    st_orc_ogre_mass, layout_diamond_mine, elf_legates
Elf:1:    elf_arrival_002, layout_gridlike, basic_altar, serial_shops,
          nicolae_shop_behind_doors, kennysheep_underground_church
Elf:2:    layout_rooms, serial_shops, nicolae_shop_crystal
Elf:3:    grunt_elf_hall_diamonds, layout_loops_corners, serial_shops,
          nicolae_shop_competitors_out_of_business, drop_trap
Vaults:1: vaults_room_fours, v_alt_pattern_4, v_misc_13,
          nicolae_vaults_angled_halls, v_misc_8, nicolae_vaults_three_branches,
          nicolae_vaults_network_s, vaults_room_door_hall,
          nicolae_vaults_little_squares_2, layout_vaults_big_room,
          uniq_asterion, uniq_aizul
Vaults:2: nicolae_vaults_network_periphery, hangedman_vaults_stitches,
          vaults_standard_mumra_lines, vaults_mumra_lcd,
          nicolae_vaults_border_crossing, serial_ice_h, ontoclasm_vaults_twist,
          hangedman_vaults_pinch, nicolae_vaults_disjoint_gnomons,
          vaults_mumra_chevron_long, ontoclasm_vaults_ring_square,
          layout_vaults_omnibox, serial_shops, nicolae_shop_statue_plus,
          uniq_jory, uniq_xtahua, uniq_margery, uniq_nikola
Vaults:3: vaults_mumra_minichess_inversion, v_misc_19,
          minmay_crypt_entry_necro_gods, ontoclasm_vaults_decontamination,
          nicolae_vaults_network_quinsquares
          [nicolae_vaults_network_quincunx_subvault,
          nicolae_vaults_network_quincunx_subvault,
          nicolae_vaults_network_quincunx_subvault,
          nicolae_vaults_network_quincunx_subvault], v_misc_9,
          vaults_room_hallway, nicolae_vaults_little_squares_2,
          layout_vaults_quadrants
Vaults:4: nicolae_vaults_sealed_display, grunt_vaults_diagonal, v_misc_13,
          v_misc_1, nicolae_vaults_c_with_doors, ontoclasm_vaults_ring_large,
          nicolae_vaults_rhombus_5, nicolae_vaults_alarming,
          nicolae_vaults_little_squares_2, ontoclasm_vaults_ring_square,
          grunt_vaults_funnel, layout_vaults_maze_bifur
Vaults:5
Depths:1: layout_basic, enter_ziggurat_d, hellmouth_1, kennysheep_flooded_box,
          hangedman_decor_clover_reticule, chequers_hall_statues_y,
          grunt_ministairs_12, lemuel_old_faithful, uniq_bai_suzhen

Skill      XL: |  1  2  3  4  5  6  7  8  9 10 11 12 13 14 15 16 17 18 19 20 21 22 |
---------------+-------------------------------------------------------------------+-----
Unarmed Combat | 1 2 3 4 5 6 7 10 12 13 14 15 17 18 19 20 21 | 21.4
Fighting       | 2 4 5 7 8 9 10 11 12 13 14 | 14.8
Dodging        | 2 3 5 6 7 |  7.6
Invocations    | 1 3 4 6 7 9 10 11 12 | 12.0
Armour         | 1 5 6 8 9 10 12 13 | 13.0
Throwing       | 4 6 7 8 9 10 11 12 | 12.0
Shields        | 7 10 11 13 14 15 | 15.0
Stealth        | 1 |  1.0
Evocations     | 2 4 5 |  5.7

Action                   |  1- 3 |  4- 6 |  7- 9 | 10-12 | 13-15 | 16-18 | 19-21 | 22-24 || total
-------------------------+-------+-------+-------+-------+-------+-------+-------+-------++-------
Melee: Unarmed           |   131 |   110 |   282 |   624 |  1017 |  1966 |  1805 |   529 ||  6464
       Punch             |       |     4 |     9 |    43 |    46 |       |       |       ||   102
       Scimitar          |       |       |       |       |    30 |    84 |       |       ||   114
Throw: Large rock        |       |     3 |     4 |    12 |    41 |    23 |    20 |     5 ||   108
       Javelin           |       |       |       |       |       |       |       |     3 ||     3
Invok: Heroism           |       |       |     1 |     7 |    11 |     7 |     9 |     9 ||    44
       Finesse           |       |       |       |     3 |     6 |     4 |     2 |     5 ||    20
Evoke: Wand              |       |       |       |       |     1 |       |       |       ||     1
  Use: Scroll            |       |    12 |     8 |     1 |     8 |     6 |    12 |     6 ||    53
       Potion            |       |       |       |     2 |       |     2 |       |     5 ||     9
 Stab: Sleeping          |     1 |       |     4 |     3 |    10 |     2 |       |       ||    20
       Distracted        |       |     1 |       |       |     3 |       |       |       ||     4
       Invisible         |       |       |       |     1 |       |       |       |       ||     1
       Paralysed         |       |       |       |     1 |       |       |       |       ||     1
       Confused          |       |       |       |       |     1 |     1 |       |       ||     2
Armor: Robe              |    50 |    28 |    99 |   183 |   129 |       |       |       ||   489
       Quicksilver drago |       |       |       |       |   129 |   420 |   311 |       ||   860
       Fire dragon scale |       |       |       |       |     6 |       |       |       ||     6
       Ice dragon scales |       |       |       |       |       |       |       |   250 ||   250
Dodge: Dodged            |    55 |    51 |   110 |   264 |   315 |   306 |   267 |   139 ||  1507
Block: Kite shield       |       |       |       |       |   141 |       |       |       ||   141
       Tower shield      |       |       |       |       |   260 |  2139 |  1716 |   603 ||  4718
       Reflection        |       |       |       |       |    10 |   175 |   167 |    23 ||   375
       Rpst.: Scimitar   |       |       |       |       |     8 |     7 |       |       ||    15
